 Dungeon Crawl Stone Soup version 0.23.1 (webtiles) character file.

Game seed: 9666807139003826126

10081 Borgoz the Slicer (level 11, -3/92 HPs)
             Began as a Ghoul Enchanter on Mar 8, 2019.
             Was a Follower of Ashenzari.
             Slain by a fire dragon (15 damage)
             ... on level 10 of the Dungeon.
             The game lasted 00:24:30 (11882 turns).

Borgoz the Slicer (Ghoul Enchanter)                Turns: 11882, Time: 00:24:31

Health: -3/92      AC: 12    Str: 18    XL:     11   Next: 56%
Magic:  14/14      EV: 15    Int: 10    God:    Ashenzari [*.....]
Gold:   648        SH:  0    Dex: 12    Spells: 9/15 levels left

rFire    . . .     SeeInvis .   o - +2 dagger (elec)
rCold    + . .     Gourm    .   (no shield)
rNeg     + + +     Faith    .   n - +3 leather armour
rPois    ∞         Spirit   .   b - +2 helmet
rElec    .         Reflect  .   D - +0 cloak
rCorr    .         Harm     .   l - +0 pair of gloves
MR       .....                  (no boots)
Stlth    ++++......             (no amulet)
HPRegen  0.00/turn              (no ring)
MPRegen  0.14/turn              (no ring)

@: mighty, rotting, studying Evocations
A: rotting body, claws 1, carnivore, cold resistance 1, negative energy
resistance 3, inhibited regeneration, torment resistance, unbreathing
a: Curse Item, Scrying, Renounce Religion


You were on level 10 of the Dungeon.
You worshipped Ashenzari.
Ashenzari was aware of your devotion.
You were not hungry.

You visited 2 branches of the dungeon, and saw 12 of its levels.
You also visited: Ossuary.

You collected 648 gold pieces.

Inventory:

Hand Weapons
 c - a +4 dagger
 i - a +1 short sword of protection
 j - a +3 dagger
 o - a +2 dagger of electrocution (weapon)
 p - the +10 hand axe of Cheese {chop, *Noise +Fly MR++ Stlth+}
   (You found it on level 4 of the Dungeon)

   It inflicts extra damage upon your enemies.
   It affects your resistance to hostile enchantments.
   It lets you fly.
   It may make noises in combat.
   It makes you more stealthy.
 B - a +0 short sword of flaming
 C - a +3 quarterstaff of chaos
 G - a +2 rapier of venom
 M - a +0 blowgun
 Q - a +2 dagger of venom
Missiles
 u - 7 tomahawks
 z - a throwing net (quivered)
 I - 18 poisoned needles
Armour
 b - a +2 helmet (worn)
 l - a +0 pair of gloves (worn)
 n - a +3 leather armour (worn)
 r - a +0 ring mail
 D - a +0 cloak (worn)
Wands
 a - a wand of iceblast (5)
 s - a wand of paralysis (1)
 w - a wand of scattershot (15)
 y - a wand of acid (16)
 L - a wand of flame (26)
Scrolls
 e - 3 scrolls of enchant weapon {unknown}
 f - a scroll of amnesia
 g - 6 scrolls of remove curse
 k - 2 scrolls of fear
 t - a scroll of blinking
 x - 2 scrolls of magic mapping {unknown}
 F - 2 scrolls of teleportation
 K - a scroll of silence {unknown}
 O - a scroll of noise {unknown}
 P - 2 scrolls of identify
Potions
 h - 6 potions of curing
 m - 4 potions of cancellation
 q - 3 potions of flight
 N - 2 potions of berserk rage {unknown}
Books
 J - a manual of Evocations
Comestibles
 d - 22 rations


   Skills:
 - Level 7.0 Fighting
 + Level 9.7 Short Blades
 + Level 5.6 Armour
 + Level 7.2 Dodging
 + Level 8.5 Stealth
 + Level 2.9 Spellcasting
 + Level 3.5 Hexes
 + Level 3.5 Evocations


You had 9 spell levels left.
You knew the following spells:

 Your Spells              Type           Power        Failure   Level  Hunger
a - Corona                Hex            #......      8%          1    ##.....
b - Ensorcelled Hibernat  Hex/Ice        #.....       24%         2    ###....
c - Confuse               Hex            #.......     22%         3    ####...

Your spell library contained the following spells:

 Spells                   Type           Power        Failure   Level  Hunger
 Tukima's Dance           Hex            #.......     22%         3    ####...
 Dazzling Spray           Conj/Hex       #.....       43%         3    ####...


Dungeon Overview and Level Annotations

Branches:
Dungeon (11/15)            Temple (1/1) D:6            Lair (0/6) D:9
    Orc (0/2) D:10

Altars:
Ashenzari
Cheibriados
Dithmenos
Elyvilon
Fedhas
Gozag
Hepliaklqana
Kikubaaqudgha
Makhleb
Nemelex Xobeh
Okawaru
Qazlal
Ru
Sif Muna
Trog
Uskayaw
Vehumet
Wu Jian
Xom
Yredelemnul
Zin
The Shining One

Shops:
D:9 *

Annotations:
D:6 2 transporters, SeriousVitamin's ghost, novice HOFi


Innate Abilities, Weirdness & Mutations

Your body is rotting away.
You thrive on raw meat.
You are immune to poison.
You have sharp fingernails.
You are carnivorous and can eat meat at any time.
Your flesh is cold resistant. (rC+)
You are immune to negative energy. (rN+++)
You do not regenerate when monsters are visible.
You are immune to unholy pain and torment.
You can survive without breathing.


Message History

The fire dragon claws you but does no damage.
The fire dragon completely misses you.
You hit the fire dragon but do no damage.
Lightning courses through the fire dragon!
The fire dragon is heavily wounded.
You hit the fire dragon.
Lightning courses through the fire dragon!
The fire dragon is heavily wounded.
The fire dragon bites you but does no damage.
The fire dragon misses you. The fire dragon tramples you!
* * * LOW HITPOINT WARNING * * *
You hold your ground!
Okay, then.
Evoke which item? (* to show all) (? for menu, Esc to quit)
Aiming: Paralyse
Press: ? - help, Shift-Dir - straight line, f - fire dragon
Aim: a fire dragon (heavily wounded, chance to defeat MR: 23%)
The fire dragon resists with almost no effort.
The fire dragon bites you!
You die...

.#..####..#####..#...........'...
.#....#..####..[##........[.[####
##.##.#####...##.#.......[))....#
.###..###.##..##.#.####'#+#####.#
...###.D.......÷.#.# #.#.# #.#
##...####...#....#.## #.#.# #.#
####....###....###..# #.#.# #.#
#..#...###....#..# #.#.# #.#
#.####...###D@#..###.#.# #.#
####.# ###...###.........# #.#
.....########......#.##########.#
.........<..##..####.##.........#
#.#########.##.## #.##.#########
#.# #.##.#####.##.#######÷. #.#
#...........#.......).. #.#
##########.##########.# #.# ###
#.#


You could see a fire dragon.

Vanquished Creatures
  A catoblepas (D:10)
  A two-headed ogre (D:10)
  A centaur zombie (D:10)
  Joseph (D:8)
  A kobold demonologist (D:6)
  Prince Ribbit (D:8)
  Grinder (D:3)
  A hippogriff (D:7)
  A spriggan (shapeshifter) (D:10)
  5 yaks (D:10)
  A hungry ghost (D:8)
  Eustachio (D:5)
  A steam dragon (D:9)
  Edmund (D:5)
  2 water moccasins
  Duvessa (D:5)
  2 porcupines (D:9)
  4 orc warriors
  5 ice beasts
  A sky beast (D:7)
  A black bear (D:9)
  A necrophage (D:10)
  3 ogres
  5 centaurs
  5 crocodiles
  3 big kobolds
  9 bullfrogs
  Dowan (D:5)
  3 scorpions
  11 killer bees
  4 wights
  A howler monkey (D:6)
  A bullfrog zombie (D:7)
  A crimson imp (D:10)
  A quasit (D:9)
  5 hounds
  3 orc priests
  4 jellies
  6 orc wizards
  Crazy Yiuf (D:5)
  A centaur skeleton (D:10)
  Ijyb (D:3)
  2 bullfrog skeletons (D:9)
  5 iguanas
  6 worker ants
  2 hound zombies
  3 mummies (Ossuary)
  2 howler monkey zombies
  Robin (D:3)
  4 gnolls (D:6)
  11 adders
  2 shadow imps
  An ooze (D:2)
  2 adder skeletons
  3 adder zombies (Ossuary)
  6 worms
  4 dart slugs
  4 leopard geckos
  43 orcs
  2 ball pythons
  4 giant cockroaches
  A gnoll zombie (Ossuary)
  8 hobgoblins
  14 jackals
  27 kobolds
  7 quokkas
  6 bats
  11 frilled lizards
  A giant cockroach zombie (D:5)
  15 goblins
  2 goblin zombies (Ossuary)
  A hobgoblin zombie (Ossuary)
  4 kobold zombies (Ossuary)
  A quokka skeleton (D:9)
  4 quokka zombies
  5 rats
  4 rat zombies (Ossuary)
322 creatures vanquished.

Vanquished Creatures (others)
  7 fungi (D:9)
7 creatures vanquished.

Grand Total: 329 creatures vanquished

Notes
Turn   | Place    | Note
-------+----------+-------------------------------------------
     0 | D:1      | Borgoz the Ghoul Enchanter began the quest for the Orb.
     0 | D:1      | Reached XP level 1. HP: 14/14 MP: 2/2
   289 | D:1      | Reached skill level 1 in Short Blades
   331 | D:1      | Reached XP level 2. HP: 20/20 MP: 3/3
   666 | D:1      | Learned a level 2 spell: Ensorcelled Hibernation
   725 | D:1      | Reached XP level 3. HP: 12/27 MP: 4/4
  1038 | D:1      | Reached skill level 1 in Armour
  1425 | D:2      | Reached skill level 1 in Fighting
  1464 | D:2      | Reached skill level 2 in Short Blades
  1502 | D:2      | Reached XP level 4. HP: 19/35 MP: 5/5
  2150 | D:2      | Reached XP level 5. HP: 39/40 MP: 6/6
  2434 | D:3      | Learned a level 3 spell: Confuse
  2609 | D:3      | Noticed Ijyb
  2619 | D:3      | Killed Ijyb
  2619 | D:3      | Reached skill level 3 in Short Blades
  2697 | D:3      | Noticed Grinder
  2728 | D:3      | Noticed Robin
  2745 | D:3      | Killed Robin
  2942 | D:3      | Killed Grinder
  2942 | D:3      | Reached skill level 4 in Short Blades
  2942 | D:3      | Reached XP level 6. HP: 28/50 MP: 3/7
  3254 | D:4      | Reached XP level 7. HP: 56/56 MP: 8/8
  3316 | D:4      | Got an ebony hand axe
  3486 | D:4      | Found a shimmering altar of Xom.
  3486 | D:4      | Found a glowing silver altar of Zin.
  3487 | D:4      | Noticed an angel
  3859 | D:5      | Entered Level 5 of the Dungeon
  3885 | D:5      | Noticed Edmund
  3898 | D:5      | Killed Edmund
  3898 | D:5      | Reached skill level 5 in Short Blades
  3958 | D:5      | Noticed Dowan
  3959 | D:5      | Noticed Duvessa
  3971 | D:5      | Killed Duvessa
  3981 | D:5      | Killed Dowan
  3981 | D:5      | Reached XP level 8. HP: 50/63 MP: 9/9
  4245 | D:5      | Found a runed translucent door.
  4246 | D:5      | Noticed Crazy Yiuf
  4271 | D:5      | Reached skill level 6 in Short Blades
  4307 | D:5      | Found a hide-covered altar of Uskayaw.
  4318 | D:5      | Noticed Eustachio
  4331 | D:5      | Killed Eustachio
  4713 | D:5      | Killed Crazy Yiuf
  4831 | D:6      | Noticed a vampire
  4832 | D:6      | Found a transporter.
  4832 | D:6      | Noticed SeriousVitamin's ghost (novice HOFi)
  4864 | D:6      | Found a transporter.
  4881 | D:6      | Found a staircase to the Ecumenical Temple.
  4903 | Temple   | Entered the Ecumenical Temple
  5042 | Temple   | Became a worshipper of Ashenzari the Shackled
  5121 | D:6      | Reached XP level 9. HP: 71/71 MP: 10/10
  5137 | D:6      | Reached skill level 7 in Short Blades
  5162 | D:6      | Found a sand-covered staircase.
  5171 | Ossuary  | Entered an ossuary
  5349 | D:6      | Found an ancient bone altar of Kikubaaqudgha.
  5521 | D:6      | Noticed a kobold demonologist
  5534 | D:6      | Noticed a smoke demon
  5540 | D:6      | Killed a kobold demonologist
  5540 | D:6      | Reached skill level 5 in Stealth
  5614 | D:6      | Found a shimmering altar of Xom.
  5832 | D:7      | Reached skill level 5 in Fighting
  5832 | D:7      | Reached skill level 5 in Dodging
  6200 | D:7      | Found a sacrificial altar of Ru.
  6204 | D:7      | Found an opulent altar of Gozag.
  6204 | D:7      | Found a glowing golden altar of the Shining One.
  6207 | D:7      | Found a bloodstained altar of Trog.
  6230 | D:7      | Reached skill level 8 in Short Blades
  6501 | D:7      | Reached * piety under Ashenzari
  7133 | D:8      | Reached XP level 10. HP: 82/82 MP: 11/11
  7148 | D:8      | Noticed Joseph
  7179 | D:8      | Killed Joseph
  7269 | D:8      | Noticed Prince Ribbit
  7270 | D:8      | Found a snail-covered altar of Cheibriados.
  7294 | D:8      | Killed Prince Ribbit
  7958 | D:9      | Found Waribiqu's General Store.
  7977 | D:9      | Reached skill level 9 in Short Blades
  8294 | D:9      | Found a staircase to the Lair.
  8911 | D:10     | Entered Level 10 of the Dungeon
  9049 | D:10     | Noticed a two-headed ogre
  9053 | D:10     | Killed a two-headed ogre
  9053 | D:10     | Reached skill level 5 in Armour
  9053 | D:10     | Reached skill level 1 in Evocations
  9053 | D:10     | Reached XP level 11. HP: 92/92 MP: 11/13
  9918 | D:10     | Found a staircase to the Orcish Mines.
 10257 | D:10     | Noticed a catoblepas
 10259 | D:10     | Noticed an eight-headed hydra
 10293 | D:10     | HP: 4/92 [eight-headed hydra (13)]
 10293 | D:10     | HP: 1/92 [eight-headed hydra (3)]
 10808 | D:10     | Noticed a fire dragon
 11206 | D:11     | Noticed a four-headed hydra
 11529 | D:10     | Killed a catoblepas
 11882 | D:10     | Slain by a fire dragon

Skill      XL: |  1  2  3  4  5  6  7  8  9 10 11 |
---------------+----------------------------------+-----
Dodging        | 2 3 4 5 6 7 |  7.2
Short Blades   | 1 2 4 5 6 8 9 |  9.7
Armour         | 1 2 3 4 5 |  5.6
Fighting       | 1 2 3 4 5 7 |  7.0
Stealth        | 4 6 7 8 |  8.5
Spellcasting   | 2 |  2.9
Evocations     | 1 3 |  3.5
Hexes          | 3 |  3.5

Action                   |  1- 3 |  4- 6 |  7- 9 | 10-12 || total
-------------------------+-------+-------+-------+-------++-------
Melee: Dagger            |   188 |   237 |   494 |   617 ||  1536
       Short sword       |    11 |       |       |       ||    11
 Cast: Ensorcelled Hiber |       |     2 |       |     2 ||     4
       Confuse           |       |     1 |       |       ||     1
Evoke: Wand              |       |     1 |       |     2 ||     3
  Use: Scroll            |       |     5 |     8 |     4 ||    17
       Potion            |       |     4 |     2 |     7 ||    13
 Stab: Sleeping          |     2 |     9 |    11 |    10 ||    32
       Confused          |       |     1 |       |       ||     1
  Eat: Chunk             |     4 |    13 |    13 |    29 ||    59
Armor: Ring mail         |    68 |     3 |       |       ||    71
       Leather armour    |       |    83 |   141 |   159 ||   383
Dodge: Dodged            |   101 |   128 |   225 |   380 ||   834
